 Dungeon Crawl Stone Soup version 0.26-a0-667-g92642533e4 (webtiles) character file.

Game seed: 4903050049384551370

(classic levelgen) 24 EnegeticOcto the Conjurer (level 3, -1/19 HPs)
             Began as a Gargoyle Air Elementalist on Oct 18, 2020.
             Killed from afar by Sigmund (9 damage)
             ... with a puff of flame
             ... on level 2 of the Dungeon.
             The game lasted 00:02:18 (353 turns).

EnegeticOcto the Conjurer (GrAE)                     Turns: 353, Time: 00:02:19

Health: -1/19      AC:  6    Str: 11    XL:     3   Next: 2%
Magic:  3/6        EV: 12    Int: 16    God:
Gold:   94         SH:  0    Dex: 10    Spells: 3/6 levels left

rFire    . . .     SeeInvis .   b - +0 short sword
rCold    . . .     Faith    .   (no shield)
rNeg     + . .     Spirit   .   a - +0 robe
rPois    ∞         Reflect  .   (no helmet)
rElec    +         Harm     .   (no cloak)
rCorr    .         Rampage  .   e - +0 pair of gloves
MR       .....                  (no boots)
Stlth    ++........             (no amulet)
HPRegen  0.06/turn              (no ring)
MPRegen  0.10/turn              (no ring)

@: no status effects
A: negative energy resistance 1, electricity resistance, unbreathing,
petrification resistance, rot immunity, AC +3
a: no special abilities


You were on level 2 of the Dungeon.
You visited 1 branch of the dungeon, and saw 2 of its levels.

You collected 94 gold pieces.

Inventory:

Hand Weapons
 b - a +0 short sword (weapon)
Missiles
 f - 4 boomerangs (quivered)
Armour
 a - a +0 robe (worn)
 e - a +0 pair of gloves (worn)
Scrolls
 d - 2 scrolls of identify {unknown}
Potions
 c - a potion of curing {unknown}
 g - a potion of lignification {unknown}


   Skills:
 - Level 1.5 Dodging
 - Level 2.1 Stealth
 - Level 2.0 Spellcasting
 + Level 3.1 Conjurations
 - Level 2.4 Air Magic


You had 3 spell levels left.
You knew the following spells:

 Your Spells              Type           Power        Failure   Level
a - Shock                 Conj/Air       ##..         7%          1
V - Swiftness             Air            #.......     12%         2

Your spell library contained the following spells:

 Spells                   Type           Power        Failure   Level
 Static Discharge         Conj/Air       ##......     21%         3
 Airstrike                Air            #.........   61%         4
 Lightning Bolt           Conj/Air       ##........   88%         5


Dungeon Overview and Level Annotations

Branches:
Dungeon (2/15)

Altars:

Annotations:
D:2 Sigmund


Innate Abilities, Weirdness & Mutations

You are resistant to torment.
Your stone body is resilient. (AC +3)
You are immune to poison.
You resist negative energy. (rN+)
You are resistant to electric shocks. (rElec)
You can survive without breathing.
You are immune to petrification.
You are immune to rotting.


Message History

Confirm with . or Enter, or press ? or * to list all spells.
Aiming: Shock (safe; 8% risk of failure)
Press: ? - help, Shift-Dir - straight line The zap hits the hobgoblin.
You kill the hobgoblin!
Your Conjurations skill increases to level 3!
The bat barely misses you. The bat hits you but does no damage.
The bat closely misses you.
You see here a frilled lizard corpse.
Throwing (i - inventory)
f - 5 boomerangs (quivered)
Press: ? - help, Shift-Dir - straight line, f - bat
Aim: a bat You throw a boomerang.
The boomerang hits the bat.
The bat is moderately wounded.
The bat hits you but does no damage.
Throwing (i - inventory)
f - 5 boomerangs (quivered)
Press: ? - help, Shift-Dir - straight line, f/p - bat
Aim: a bat (moderately wounded)
You throw a boomerang. The boomerang closely misses the bat.
The bat barely misses you.
Throwing (i - inventory)
f - 5 boomerangs (quivered)
Press: ? - help, Shift-Dir - straight line, f/p - bat
Aim: a bat (moderately wounded)
You throw a boomerang. The boomerang barely misses the bat.
The bat closely misses you.
Throwing (i - inventory)
f - 4 boomerangs (quivered)
Press: ? - help, Shift-Dir - straight line, f/p - bat
Aim: a bat (moderately wounded)
You throw a boomerang. The boomerang hits the bat.
You kill the bat!
You see here a bat corpse.
Found a scale mail.
Things that are here:
a +0 short sword; 3 stones
g - a fuming coppery potion You see here a rat corpse.
You now have 71 gold pieces (gained 5).
You open the door.
There is an open door here.
You open the door.
A dart slug comes into view.
Found 6 gold pieces.
There is an open door here.
Casting: Shock (safe; 8% risk of failure)
Confirm with . or Enter, or press ? or * to list all spells.
Aiming: Shock (safe; 8% risk of failure)
Press: ? - help, Shift-Dir - straight line, f - dart slug
Aim: a dart slug (wandering, hasn't noticed you)
The zap hits the dart slug.
The dart slug is heavily wounded.
Casting: Shock (safe; 8% risk of failure)
Confirm with . or Enter, or press ? or * to list all spells.
Aiming: Shock (safe; 8% risk of failure)
Press: ? - help, Shift-Dir - straight line, f/p - dart slug
Aim: a dart slug (heavily wounded)
You miscast Shock.
You are very lightly contaminated with residual magic.
Nothing appears to happen.
Casting: Shock (safe; 8% risk of failure)
Confirm with . or Enter, or press ? or * to list all spells.
Aiming: Shock (safe; 8% risk of failure)
Press: ? - help, Shift-Dir - straight line, f/p - dart slug
Aim: a dart slug (heavily wounded)
The zap hits the dart slug.
The dart slug is severely wounded.
The dart slug bites you but does no damage.
You hit the dart slug.
You kill the dart slug!
You have reached level 3!
Your experience leads to an increase in your attributes!
Increase (s)trength, (i)ntelligence, or (d)exterity?
You feel clever.
You see here a dart slug corpse.
Your magical contamination has completely faded away.
Found 17 gold pieces.
You now have 77 gold pieces (gained 6).
You now have 94 gold pieces (gained 17).
You see here a dart slug corpse.
There is an open door here.
There is a stone staircase leading down here.
You climb downwards.
Sigmund the Dreaded comes into view.
He is wielding a +0 scythe and carrying a wand of flame (19).
Found 11 gold pieces.
There is a stone staircase leading up here.
Casting: Shock (safe; 7% risk of failure)
Confirm with . or Enter, or press ? or * to list all spells.
Aiming: Shock (safe; 7% risk of failure)
Press: ? - help, Shift-Dir - straight line The zap hits Sigmund.
Sigmund is lightly wounded.
Sigmund shouts!
The zap hits Sigmund.
Sigmund is moderately wounded.
Sigmund zaps a wand.
The puff of flame hits you.
Casting: Shock (safe; 7% risk of failure)
Confirm with . or Enter, or press ? or * to list all spells.
Aiming: Shock (safe; 7% risk of failure)
Press: ? - help, Shift-Dir - straight line The zap misses Sigmund. x2; Sigmund zaps a wand.
The puff of flame hits you!
You die...

##+##
##...##
##.....##
#..@....#
#.........#
+.........+
#@........#
##..$....##
##.....##
##...##
##+##


You could see Sigmund.

Vanquished Creatures
  A dart slug (D:1)
  2 leopard geckos (D:1)
  2 bats (D:1)
  A giant cockroach (D:1)
  3 goblins (D:1)
  A hobgoblin (D:1)
  2 kobolds (D:1)
  3 frilled lizards (D:1)
  5 rats (D:1)
20 creatures vanquished.

Notes
Turn   | Place    | Note
-------+----------+-------------------------------------------
     0 | D:1      | EnegeticOcto the Gargoyle Air Elementalist began the quest
                  | for the Orb.
     0 | D:1      | Reached XP level 1. HP: 10/10 MP: 3/3
   129 | D:1      | Reached skill level 2 in Conjurations
   153 | D:1      | Reached XP level 2. HP: 2/15 MP: 0/5
   157 | D:1      | Learned a level 2 spell: Swiftness
   269 | D:1      | Reached skill level 3 in Conjurations
   312 | D:1      | Reached XP level 3. HP: 9/19 MP: 1/6
   351 | D:2      | Noticed Sigmund
   353 | D:2      | Killed from afar by Sigmund

Illustrated notes

Levels and vault maps discovered:
D:1:      ncdulo_lavacross, layout_basic
D:2:      layout_loops_corners, vehumet_crystals, uniq_natasha, uniq_sigmund,
          uniq_jessica

Skill      XL: |  1  2 |
---------------+-------+-----
Conjurations   | 2 3 |  3.1
Dodging        | |  1.5
Stealth        | |  2.1
Spellcasting   | |  2.0
Air Magic      | |  2.4

Action                   || total
-------------------------++-------
Melee: Unarmed           ||    14
       Short sword       ||    13
Throw: Boomerang         ||     4
 Cast: Shock             ||    23
Armor: Robe              ||    16
Dodge: Dodged            ||    28

Table legend: (Time is in decaauts)
 A = Elapsed time spent in this place.
 B = Non-inter-level travel time spent in this place.
 C = Inter-level travel time spent in this place.
 D = Time resting spent in this place.
 E = Time spent auto-exploring this place.
 F = Levels seen in this place.
 G = Mean time per level.
                   A        B        C        D        E       F      G
               +--------+--------+--------+--------+--------+-----+--------+
         Total |    354 |    354 |      0 |      0 |      0 |   2 |  177.0 |
       Dungeon |    354 |    354 |      0 |      0 |      0 |   2 |  177.0 |
               +--------+--------+--------+--------+--------+-----+--------+

Top non-repeatable levels by time:
     D:1: 353 daAuts
     D:2: 1 daAuts
